AoeStats
← BKPK

Black Forest

504549430Analyzed
4v4 RM · 27d ago on Sep 5, 2026· 36m 7s· 8 players
Game mode
Random Map
Map size
Large (8 player)
Population
200
Speed
Normal
Resources
Standard
Victory
Conquest
Starting age
Dark Age
Ending age
Imperial Age
RankedLock teamsTeams togetherTeam positionsShared explorationLock speedFull tech treeHidden civsTurbo modeCheats
Victory
Defeat
1199
+15
🇹🇼 Franks · Taiwan
1192
+15
🇹🇼 Britons · Taiwan
1184
+16
🇹🇼 Persians · Taiwan
975
+76
🇹🇼 Persians · Taiwan
1319
-23
🇹🇼 Khmer · Taiwan
1148
-17
🇹🇼 Armenians · Taiwan
1127
-16
🇰🇷 Dravidians · South Korea
1093
-14
墨寞MOMO
0:28 Loom
14:10 Feudal Age
19:17 Castle Age
17:04 Double-Bit Axe
18:28 Gold Mining
20:14 Bow Saw
19:47 Horse Collar
25:07 Wheelbarrow
24:39 Scale Barding Armor
25:44 Bloodlines
26:23 Fishing Lines
27:00 Hand Cart
27:27 Heavy Plow
29:52 Fletching
31:02 Bodkin Arrow
32:32 Murder Holes
32:57 Ballistics
37:32 Imperial Age
Prcmt
1:42 Loom
轟炸雞肉乾媽媽
11:52 Feudal Age
煙熏豬肉乾姐姐
Pocket civ disappoints and I AFK
1:19 Loom
18:36 Feudal Age
19:26 Double-Bit Axe
19:27 Fishing Lines
23:20 Castle Age
22:37 Horse Collar
24:22 Wheelbarrow
24:11 Bow Saw
23:53 Gillnets
26:38 Gold Mining
28:51 Stone Mining
29:18 Forging
31:08 Hand Cart
30:53 Town Watch
32:23 Gold Shaft Mining
33:49 Heavy Plow
36:42 Imperial Age
34:35 Fervor
34:48 Sanctity
BKPK
12:03 Feudal Age
10:22 Loom
14:00 Double-Bit Axe
19:26 Castle Age
17:51 Scale Barding Armor
19:47 Forging
20:35 Chain Barding Armor
25:33 Iron Casting
26:10 Bow Saw
25:53 Gold Mining
27:09 Fishing Lines
29:18 Wheelbarrow
31:43 Gillnets
34:01 Hand Cart
TW_YuAn
14:44 Feudal Age
16:42 Double-Bit Axe
20:14 Castle Age
20:55 Bow Saw
YAN-WEI
0:30 Loom
13:39 Feudal Age
17:59 Castle Age
16:44 Fletching
18:02 Crossbowman
19:07 Town Watch
29:55 Gold Mining
35:00 Town Watch
Connection lost

Rejoining the realm…

Still unreachable

The connection could not be restored.

Session expired

The server has moved on; the page needs a fresh start.